 Dungeon Crawl Stone Soup version 0.19-a0-1532-g228a5d9 (webtiles) character file.

451754 4thArraOfDagon the Brawler (level 22, 0/274 HPs)
             Began as a Troll Ice Elementalist on Sept 13, 2016.
             Was a High Priest of Okawaru.
             Slain by a death scarab (18 damage)
             ... on level 1 of the Tomb of the Ancients.
             The game lasted 01:49:06 (18643 turns).

4thArraOfDagon the Brawler (TrIE)                  Turns: 18643, Time: 01:49:07

Health: 0/274      AC: 27    Str: 23 (24) XL:     22   Next: 55%
Magic:  0/31       EV: 19    Int: 22 (23) God:    Okawaru [*****.]
Gold:   1257       SH: 21    Dex: 20      Spells: 7 memorised, 14 levels left

rFire  x . .     SeeInvis +       - Unarmed
rCold  + . .     Gourm    +     (armour currently unavailable)
rNeg   + + +     Faith    .     R - +5 shield {rN+}
rPois  ∞         Spirit   +     O - +2 hat of the Bear Spirit {Spirit, +Rage rN+ MR++}
rElec  +         Dismiss  .     q - +0 cloak of Waguuck {+Blink rF- Dex+4 Stlth+}
rCorr  +         Reflect  .     (gloves unavailable)
MR     +++..     Harm     .     (boots unavailable)
Stlth  ++++......               u - amulet "Duluser" {RegenMP rF+ Str+2 Dex+2}
                                d - ring of Hyfan {rPois rF- rN+ SInv Stlth+}
                                G - ring of Duotzeeh {rCorr Int+5 Dex+4}

@: statue-form (expiring), heroism, slowed, studying Stealth, very slow
A: unfitting armour, antennae 1, claws 3, (slimy green scales 0), blurry vision
1, cold resistance 1, fast metabolism 3, gourmand, mutation resistance 1,
regeneration 2, screaming 1, (shaggy fur 0), (tough skin 0), subdued magic 2
a: End Transformation, Heroism, Finesse, Renounce Religion, Evoke Blink, Evoke
Berserk Rage
}: 4/15 runes: serpentine, barnacled, slimy, silver


You were on level 1 of the Tomb of the Ancients.
You worshipped Okawaru.
Okawaru was extremely pleased with you.
You were not hungry.
You were a stone statue.
You visited 11 branches of the dungeon, and saw 50 of its levels.
You visited the Abyss 1 time.
You visited 1 bazaar.
You also visited: Labyrinth.

You collected 2917 gold pieces.
You spent 1660 gold pieces at shops.

Inventory:

Missiles
 v - 11 throwing nets
 B - 92 large rocks (quivered)
Armour
 b - the +1 robe of the Old World (melded) {Dex+4}
   (Okawaru gifted it to you on level 3 of the Crypt)

   It affects your dexterity (+4).
 q - the +0 cloak of Waguuck (worn) {+Blink rF- Dex+4 Stlth+}
   (Okawaru gifted it to you on level 5 of the Pits of Slime)

   It affects your dexterity (+4).
   It makes you vulnerable to fire.
   It lets you blink.
   It makes you more stealthy.
 O - the +2 hat of the Bear Spirit (worn) {Spirit, +Rage rN+ MR++}
   (You found it on level 3 of the Elven Halls)

   It protects you from negative energy.
   It affects your resistance to hostile enchantments.
   It lets you go berserk.
 R - a +5 shield of positive energy (worn)
 X - the +7 storm dragon armour "Kicru" {rElec rPois rF+ Str-5 Dex+9}
   (Okawaru gifted it to you on level 3 of the Elven Halls)

   It affects your strength (-5).
   It affects your dexterity (+9).
   It protects you from fire.
   It insulates you from electricity.
   It protects you from poison.
Magical Staves
 l - an uncursed staff of energy {!a}
Rods
 j - a +2 lightning rod (9/9)
   (You found it on level 3 of the Crypt)
 L - a +3 rod of clouds (14/14)
   (You found it in a labyrinth)
Jewellery
 d - the ring of Hyfan (right claw) {rPois rF- rN+ SInv Stlth+}
   (You found it on level 3 of the Crypt)

   [ring of positive energy]

   It makes you vulnerable to fire.
   It protects you from poison.
   It protects you from negative energy.
   It lets you see invisible.
   It makes you more stealthy.
 k - the ring of Shadows {Umbra +Inv Stlth+}
   (You took it off a deep elf mage on level 3 of the Elven Halls)

   [ring of stealth]

   It lets you turn invisible.
   It makes you more stealthy.
 u - the amulet "Duluser" (around neck) {RegenMP rF+ Str+2 Dex+2}
   (You acquired it on level 1 of the Vaults)

   [amulet of magic regeneration]

   It increases your magic regeneration.
   It affects your strength (+2).
   It affects your dexterity (+2).
   It protects you from fire.
 y - the ring of Rocherph {Ice MR+ Str+3}
   (You took it off a deep elf master archer on level 3 of the Elven Halls)

   [ring of ice]

   It enhances your ice magic.
   It affects your strength (+3).
   It makes you vulnerable to fire.
   It protects you from cold.
   It affects your resistance to hostile enchantments.
 C - an uncursed ring of wizardry
 G - the ring of Duotzeeh (left claw) {rCorr Int+5 Dex+4}
   (You found it in a labyrinth)

   [ring of resist corrosion]

   It affects your intelligence (+5).
   It affects your dexterity (+4).
 T - the ring "Wueddaunn" {rF++ MP-9 Str+4 Dex+3}
   (You bought it in a shop on level 4 of the Snake Pit)

   [ring of dexterity]

   It affects your strength (+4).
   It affects your dexterity (+3).
   It greatly protects you from fire.
   It affects your magic capacity (-9).
Wands
 i - a wand of iceblast (5/15)
 A - a wand of digging (13/24)
 P - a wand of paralysis (8/24)
 S - a wand of disintegration (13/24)
 W - a wand of iceblast (2/15)
Scrolls
 e - 5 scrolls of remove curse
 m - 2 scrolls of amnesia
 n - 2 scrolls of magic mapping
 r - a scroll of blinking
 x - 5 scrolls of immolation
 J - 5 scrolls of fog
 V - 2 scrolls of holy word
 Y - 11 scrolls of recharging
Potions
 a - 3 potions of flight
 f - 2 potions of heal wounds
 h - 2 potions of cure mutation
 p - 2 potions of agility
 t - a potion of degeneration
 w - a potion of might
 z - 2 potions of haste
 D - a potion of magic
 H - 2 potions of curing
 I - 2 potions of invisibility
 M - 4 potions of brilliance
 N - a potion of berserk rage
 Q - a potion of ambrosia
Books
 K - a manual of Stealth
 U - a book of Transfigurations

   Spells                             Type                      Level
   a - Irradiate                      Conjuration/Transmutation    5
   b - Statue Form                    Transmutation/Earth          6
   c - Hydra Form                     Transmutation                6
   d - Dragon Form                    Transmutation                7
Miscellaneous
 o - a box of beasts
 E - a fan of gales
 F - a phantom mirror
 Z - a phial of floods
Comestibles
 c - 17 bread rations
 g - 11 meat rations


   Skills:
 - Level 11.0(16.0) Fighting
 - Level 14.0(19.0) Armour
 - Level 7.1(12.1) Dodging
 - Level 1.1(6.1) Stealth
 - Level 14.0(19.0) Shields
 - Level 20.3(25.3) Unarmed Combat
 + Level 6.8 Spellcasting
   Level 0.6 Conjurations
 - Level 6.1 Charms
 - Level 7.5 Necromancy
 * Level 8.7 Transmutations
   Level 2.1 Ice Magic
 * Level 10.3 Earth Magic
 - Level 11.3 Invocations


You had 14 spell levels left.
You knew the following spells:

 Your Spells              Type           Power        Failure   Level  Hunger
a - Swiftness             Chrm/Air       ##......     2%          2    None
b - Passage of Golubria   Tloc           N/A          78%         4    ###....
c - Statue Form           Tmut/Erth      ####.....    21%         6    ######.
d - Apportation           Tloc           #.........   6%          1    None
e - Blink                 Tloc           N/A          10%         2    None
f - Repel Missiles        Chrm/Air       ##....       2%          2    None
g - Regeneration          Chrm/Necr      ###.......   1%          3    None


Dungeon Overview and Level Annotations

Branches:
Dungeon (15/15)              Lair (6/6) D:11         Shoals (4/4) Lair:2
  Snake (4/4) Lair:2        Slime (5/5) Lair:6          Orc (2/2) D:11
    Elf (3/3) Orc:2        Vaults (5/5) D:13          Crypt (3/3) Vaults:3
   Tomb (2/3) Crypt:3      Depths (1/5) D:15
 Temple: D:4-7

Altars:
Okawaru
Zin
Jiyva

Shops:
Orc:2 :(?%   Snake:4 =

Portals:
Pandemonium: Orc:2

Annotations:
Shoals:2 Nikola
Orc:1 Josephine


Innate Abilities, Weirdness & Mutations

You are too large for most types of armour.
You have claws for hands.
Your metabolism is lightning-fast.
You like to eat raw meat.
You heal very quickly.
((You are covered in fur. (AC +1)))
((You have very tough skin. (AC +2)))
You have a pair of small antennae on your head.
((You are partially covered in slimy green scales. (AC +2)))
Scrolls take you a little longer to read.
Your flesh is cold resistant. (rC+)
You are somewhat resistant to further mutation.
You occasionally shout uncontrollably at your foes.
Your spells are easier to cast, but less powerful.


Message History

The bennu claws you!
* * * LOW HITPOINT WARNING * * *
You block the bennu's attack. The death scarab closely misses you.
The bennu pecks you!
* * * LOW HITPOINT WARNING * * *
The bennu misses you. The bennu claws you!
* * * LOW HITPOINT WARNING * * *
Unknown command.
Unknown command.
Unknown command.
You feel much better.
Your transformation is almost over.
The death scarab barely misses you. You block the death scarab's attack.
The bennu's plumage briefly flares with an otherwordly flame.
The bennu closely misses you. You block the bennu's attack.
The bennu claws you but does no damage. You block the bennu's attack.
The bennu barely misses you. The bennu claws you!
* * * LOW HITPOINT WARNING * * *
The death scarab bites you!!
You die...

.......#..########..#
#...†....
.......#............#
#........
.......#............#
#..†.....
.......##############
#........
....................#
#........
....................#
#..$.....
.......###########..#
#........
.......#...#.MM#B#..#
#........
.......#.#.).#Bb8#..#
#........
.......#.#########..#
#........
.......#..^^........#
#........
#####################
#........ { {
#........ #........
#........
##########........
..........††......


You could see a bennu, 2 death scarabs and 2 mummies.

Vanquished Creatures
  Khufu (Tomb:1)
  An ancient lich (Crypt:3)
  4 greater mummies (Tomb:1)
  Boris (Vaults:4)
  Xtahua (Crypt:3)
  2 golden dragons (Vaults:5)
  2 bone dragons (Crypt:3)
  5 liches
  2 tentacled monstrosities (Vaults:5)
  2 deep elf master archers (Elf:3)
  2 deep elf blademasters (Elf:3)
  2 titans (Vaults:5)
  16 acid blobs
  2 quicksilver dragons (Vaults:5)
  4 ancient champions (Crypt:3)
  Polyphemus (Shoals:2)
  10 sphinxes
  A storm dragon (D:13)
  8 tengu reavers
  Donald (Shoals:1)
  3 greater nagas (Snake:4)
  An azure jelly (shapeshifter) (Vaults:5)
  Ilsuiw (Shoals:4)
  3 revenants
  3 shadow dragons (Vaults:5)
  4 frost giants
  An iron dragon (Vaults:5)
  15 vault wardens
  2 fire giants (Vaults:5)
  2 deep elf sorcerers (Elf:3)
  11 azure jellies
  An iron dragon (shapeshifter) (D:13)
  A curse skull (Crypt:3)
  5 ironheart preservers
  4 deep elf elementalists
  2 ghouls (Crypt:3)
  Louise (D:14)
  3 caustic shrike skeletons (Crypt:3)
  8 stone giants (Vaults:5)
  A juggernaut skeleton (Crypt:3)
  A very ugly thing (Vaults:5)
  An entropy weaver (Vaults:3)
  2 bennus
  2 vampire knights
  3 deep elf annihilators
  4 deep elf demonologists (Elf:3)
  6 mummy priests (Tomb:1)
  8 death oozes
  5 ettins (Vaults:5)
  3 merfolk javelineers
  3 deep elf death magi (Vaults:5)
  A minotaur (Lab)
  4 deep elf high priests
  2 fire dragons
  3 great orbs of eyes
  7 yaktaur captains
  Fannar (D:11)
  9 merfolk impalers
  Harold (D:10)
  3 hydras
  25 vault guards
  2 ogre magi
  An ice dragon (Vaults:2)
  A quicksilver dragon skeleton (Crypt:3)
  A merfolk avatar (Shoals:4)
  A satyr (Shoals:3)
  7 anacondas
  9 naga warriors
  A catoblepas (Shoals:2)
  7 dancing weapons
  2 tengu warriors (D:14)
  37 death scarabs
  6 centaur warriors
  A death knight (Vaults:1)
  An alligator snapping turtle (Shoals:4)
  7 merfolk aquamancers
  2 deep troll earth magi
  9 orc high priests (Orc:2)
  9 death yaks
  Urug (D:10)
  15 naga sharpshooters (Snake:4)
  6 shock serpents
  5 titan skeletons
  2 soul eaters
  15 skeletal warriors
  A storm dragon zombie (Vaults:3)
  6 deep elf knights
  A large abomination (Vaults:5)
  A sun demon (Orc:2)
  A fire crab (Lair:6)
  6 sea snakes
  A salamander mystic (Snake:4)
  A fire crab (shapeshifter) (D:14)
  4 deep trolls
  A golden dragon zombie (D:15)
  A gelid demonspawn (Orc:2)
  8 naga ritualists
  2 giant orange brains (Slime:5)
  A torturous demonspawn (Orc:2)
  A kraken simulacrum (Shoals:4)
  3 deep elf archers
  5 phantasmal warriors
  Pikel (D:5)
  2 flayed ghosts
  6 hill giants
  6 ironbrand convokers
  14 harpies
  A harpy (shapeshifter) (Elf:1)
  A stone giant zombie (Vaults:5)
  4 necromancers
  A shadow dragon skeleton (Crypt:3)
  A frost giant zombie (Crypt:3)
  9 orc knights
  10 mana vipers
  A statue (Abyss:2)
  7 griffons
  6 manticores
  3 fauns (Shoals:3)
  2 wolf spiders
  33 deep elf magi
  3 orc sorcerers
  10 ugly things (D:14)
  2 shining eyes
  8 salamanders (Snake:4)
  An octopode (shapeshifter) (Vaults:5)
  11 cyclopes
  A fire giant skeleton (D:15)
  An iron dragon skeleton (Crypt:3)
  2 shining eyes (shapeshifter) (Vaults:5)
  2 guardian serpents (Snake:4)
  21 naga magi
  22 black mambas
  5 centaur zombies
  A human skeleton (Vaults:5)
  10 sirens
  A rust devil (Orc:2)
  6 water nymphs
  2 gargoyles
  A guardian serpent (shapeshifter) (Vaults:5)
  8 vault sentinels
  2 eyes of devastation (Slime:5)
  3 smoke demons (Abyss:2)
  A yaktaur zombie (Vaults:3)
  A spiny frog (Lair:2)
  3 freezing wraiths
  4 kobold demonologists
  3 orange demons (Orc:2)
  30 yaktaurs
  A rime drake (Lair:5)
  A yellow draconian skeleton (Crypt:3)
  A human zombie (Vaults:3)
  3 komodo dragons
  A catoblepas skeleton (Crypt:3)
  22 guardian mummies
  A tengu conjurer (D:14)
  A death yak skeleton (Crypt:3)
  2 ice devils (D:12)
  21 merfolk
  A queen bee (shapeshifter) (Vaults:4)
  7 trolls
  A minotaur skeleton (Crypt:3)
  6 snapping turtles
  A hydra zombie (Tomb:1)
  A deep troll zombie (D:15)
  2 wind drakes
  A harpy skeleton (Crypt:3)
  A two-headed ogre (Vaults:5)
  5 boulder beetles
  55 slime creatures
  A fire giant simulacrum (Tomb:1)
  A stone giant simulacrum (Tomb:1)
  An ice dragon zombie (Crypt:3)
  A centaur simulacrum (D:12)
  2 flying skulls (Tomb:1)
  A spriggan skeleton (D:15)
  3 redbacks (Vaults:3)
  Sigmund (D:4)
  A shadow (D:14)
  6 wraiths
  A wyvern (D:9)
  A satyr skeleton (Crypt:3)
  A spriggan (shapeshifter) (Vaults:5)
  An ettin skeleton (Crypt:3)
  3 ushabtiu (Tomb:1)
  A vampire (D:11)
  4 basilisks (D:11)
  5 golden eyes
  12 water elementals
  16 yaks
  4 fire elementals
  5 vampire mosquitoes
  7 hippogriffs
  2 hungry ghosts
  Menkaure (D:6)
  A mottled dragon (Vaults:1)
  36 nagas
  3 porcupines
  2 water moccasins (Lair:4)
  2 black bears
  6 ice beasts
  A meliai simulacrum (D:12)
  28 orc warriors
  A snapping turtle zombie (Crypt:3)
  3 sky beasts
  7 eyes of draining
  2 phantoms
  A necrophage (Crypt:3)
  4 wolves
  10 ogres
  8 centaurs
  A big kobold (D:14)
  10 crocodiles
  10 giant frogs
  A gnoll sergeant (D:11)
  A human simulacrum (Vaults:2)
  A water moccasin skeleton (D:8)
  6 killer bees
  A scorpion (shapeshifter) (D:15)
  19 wights (Crypt:3)
  A yak skeleton (Crypt:3)
  2 crimson imps
  A quasit (D:15)
  5 hounds
  7 jellies
  22 orc priests
  2 giant frog skeletons
  2 giant frog zombies
  15 orc wizards
  12 iguanas
  Crazy Yiuf (D:3)
  Jessica (D:3)
  5 centaur skeletons
  Natasha (twice) (D:3)
  4 worker ants
  A mottled dragon skeleton (Crypt:1)
  23 mummies
  Robin (D:3)
  5 gnolls
  A howler monkey zombie (D:5)
  A howler monkey skeleton (D:10)
  An adder (D:11)
  11 river rats
  A shadow imp (D:15)
  2 white imps (D:12)
  2 oozes
  A worm (D:6)
  2 dart slugs
  2 giant geckos (D:2)
  83 orcs
  2 giant cockroaches
  8 goblins
  7 hobgoblins
  6 jackals
  4 kobolds
  5 quokkas
  3 rats
  A fungus (D:3)
  A plant (Shoals:4)
  A tentacle (Shoals:4)
1338 creatures vanquished.

Vanquished Creatures (collateral kills)
  the Royal Jelly (Slime:5)
1 creature vanquished.

Vanquished Creatures (others)
  A storm dragon (Vaults:5)
  12 death scarabs
  6 flying skulls (Tomb:2)
  A water elemental (Shoals:4)
  A naga (Snake:2)
  A phantom (D:5)
  A crocodile (shapeshifter) (Vaults:5)
  A mummy (Tomb:2)
  A jackal skeleton (D:5)
  2 bushes (D:11)
  5 plants
  7 tentacles
  A withered plant (D:15)
40 creatures vanquished.

Grand Total: 1379 creatures vanquished

Notes
Turn   | Place    | Note
-------+----------+-------------------------------------------
     0 | D:1      | 4thArraOfDagon the Troll Ice Elementalist began the quest for the Orb.
     0 | D:1      | Reached XP level 1. HP: 16/16 MP: 1/1
    59 | D:3      | Noticed an orc wizard
   138 | D:2      | Reached skill level 1 in Unarmed Combat
   204 | D:3      | Noticed Jessica
   207 | D:3      | Reached XP level 2. HP: 24/24 MP: 2/2
   218 | D:3      | Found an iron altar of Okawaru.
   221 | D:3      | meh
   221 | D:3      | again?
   224 | D:3      | Became a worshipper of Warmaster Okawaru
   248 | D:4      | Reached skill level 2 in Unarmed Combat
   248 | D:4      | Reached XP level 3. HP: 25/31 MP: 3/3
   255 | D:3      | Noticed Robin
   256 | D:3      | Noticed Natasha
   271 | D:4      | Reached skill level 3 in Unarmed Combat
   278 | D:5      | Entered Level 5 of the Dungeon
   295 | D:5      | Noticed a phantom
   297 | D:5      | Reached XP level 4. HP: 28/39 MP: 4/4
   336 | D:6      | Reached * piety under Okawaru
   336 | D:6      | Reached skill level 4 in Unarmed Combat
   367 | D:6      | Learned a level 4 spell: Passage of Golubria
   450 | D:6      | Noticed Menkaure
   450 | D:6      | Noticed an ice beast
   466 | D:7      | Reached skill level 1 in Invocations
   466 | D:7      | Reached XP level 5. HP: 44/45 MP: 5/5
   486 | D:7      | Turgon: 446 turns and already Oka with one *
   583 | D:8      | Reached skill level 5 in Unarmed Combat
   763 | D:6      | Killed an ice beast
   763 | D:6      | Reached ** piety under Okawaru
   763 | D:6      | Reached XP level 6. HP: 13/53 MP: 3/6
   768 | D:6      | Killed Menkaure
   768 | D:6      | Reached skill level 6 in Unarmed Combat
   818 | D:6      | Reached XP level 7. HP: 26/59 MP: 8/8
   847 | D:5      | Noticed Pikel
   865 | D:5      | Killed Pikel
   865 | D:5      | Reached *** piety under Okawaru
   865 | D:5      | Reached skill level 8 in Unarmed Combat
   865 | D:5      | Reached XP level 8. HP: 37/67 MP: 5/10
   901 | D:4      | Turgon: pot might, good blind quaff...
   947 | D:4      | Noticed Sigmund
   961 | D:4      | Killed Sigmund
   989 | D:3      | Found a runed door.
   989 | D:3      | Noticed Crazy Yiuf
   992 | D:3      | Killed Crazy Yiuf
  1157 | D:3      | Killed Jessica
  1181 | D:3      | Killed Robin
  1187 | D:3      | Killed Natasha
  1212 | D:3      | Noticed Natasha
  1217 | D:3      | Killed Natasha
  1217 | D:3      | Reached skill level 9 in Unarmed Combat
  1429 | D:5      | Turgon: ?? amulet of reflection
  1434 | D:5      | beem: amulet of reflection[1/1]: The amulet of reflection gives you a variable amount of SH and the reflection status, allowing you to reflect projectiles shot at you as if you had a shield of reflection, whether or not you do. Enchantment is randomly from +2 to +6, so pick up additional amulets if yours isn't +6.
  1508 | D:7      | Reached skill level 5 in Invocations
  1760 | D:9      | Turgon: ?? phantom
  1762 | D:9      | beem: phantom[1/1]: A ghost that is the same sort of bastard blinker as an imp. Has more AC and hits harder, but can't use weapons or armour.
  1805 | D:9      | Turgon: @? phantom
  1807 | D:9      | beem: phantom (W)
                  | Spd:
    10 | HD: 7    | HP: 30-45
                  | AC/EV: 3/13
                  | Dam: 10(blink self)
                  | undead, doors, evil, fly, unbreathing
                  | Res: magic(40), cold++, poison+++, drown, rot+++, neg+++, torm, napalm
                  | Vul: holy++
                  | XP: 124
                  | Sp: blink [!sil]
                  | Sz: Medium
                  | Int: human.
  1807 | D:9      | Reached XP level 9. HP: 74/74 MP: 9/12
  1816 | D:9      | Reached skill level 10 in Unarmed Combat
  2056 | D:10     | Entered Level 10 of the Dungeon
  2056 | D:10     | Noticed a gargoyle
  2065 | D:9      | Killed a gargoyle
  2083 | D:10     | Reached **** piety under Okawaru
  2083 | D:10     | Reached skill level 11 in Unarmed Combat
  2112 | D:9      | Gained mutation: You occasionally shout uncontrollably at your foes. [potion of mutation]
  2112 | D:9      | Gained mutation: You are resistant to hostile enchantments. (MR+) [potion of mutation]
  2112 | D:9      | Gained mutation: Your spells are a little easier to cast, but a little less powerful. [potion of mutation]
  2196 | D:10     | Noticed Harold
  2234 | D:10     | Killed Harold
  2234 | D:10     | Reached XP level 10. HP: 71/81 MP: 12/14
  2295 | D:11     | Noticed Fannar
  2310 | D:11     | Reached ***** piety under Okawaru
  2324 | D:11     | Noticed a hill giant
  2339 | D:11     | Killed a hill giant
  2339 | D:11     | Reached skill level 12 in Unarmed Combat
  2354 | D:11     | Noticed a manticore
  2373 | D:11     | Killed a manticore
  2373 | D:11     | Received a gift from Okawaru
  2471 | D:12     | Reached skill level 1 in Fighting
  2573 | D:12     | Noticed a hill giant
  2573 | D:12     | Reached skill level 13 in Unarmed Combat
  2586 | D:12     | Killed a hill giant
  2613 | D:12     | Turgon: ?? honoured
  2613 | D:12     | beem: I don't have a page labeled honoured in my learndb.
  2613 | D:12     | Reached XP level 11. HP: 80/94 MP: 13/16
  2622 | D:12     | Turgon: ?? Oka
  2623 | D:12     | beem: okawaru[1/6]: Heroism (*) temporarily gives +5 to all non-magic skills except Invocations and Evocations, although Fighting skill from it gives no extra HP. Finesse (*****) halves attack delay but does not stack with haste or berserk. Okawaru also gifts weapons, armour, and ammo.
  2681 | D:12     | Found a glowing silver altar of Zin.
  2682 | D:12     | Noticed a brown ugly thing
  2691 | D:12     | Turgon: ?? Oka [2
  2691 | D:12     | beem: okawaru[2/6]: Gives almost no piety for easy fights, none at all for trivial ones.
  2695 | D:12     | Turgon: ?? Oka [3
  2695 | D:12     | beem: okawaru[3/6]: Heroism: 2 MP, 50-100 food, and 1-2 piety, Finesse: Costs 5 MP, 100-200 Food, and 4-6 Piety.
  2721 | D:12     | Turgon: ?? Oka [4
  2724 | D:12     | beem: okawaru[4/6]: You finish putting on the -5 robe of Misfortune {god gift, -Cast Contam+ *Tele EV-4 Str-2 Dex-2 Int-2 Stlth-- Curse}.
  2752 | D:12     | Turgon: ?? Oka 5
  2756 | D:12     | beem: I don't have a page labeled Oka_5 in my learndb.
  2787 | D:12     | Turgon: ?? Oka (5
  2791 | D:12     | beem: I don't have a page labeled Oka_(5 in my learndb.
  2798 | D:12     | Turgon: ?? Oka [5
  2800 | D:12     | beem: okawaru[5/6]: I picture oka as this old guy going through his attic and just discarding old junk as gifts
  2962 | D:12     | 4thArraOfDagon: cltr q
  2966 | D:12     | Turgon: why?
  3040 | D:12     | Found a frozen archway.
  3073 | D:12     | 4thArraOfDagon: thats why
  3073 | D:12     | 4thArraOfDagon: wasted 1k
  3073 | D:12     | Turgon: I doubt you could have done it
  3073 | D:12     | 4thArraOfDagon: why, regen+rc+,hero,finesse
  3073 | D:12     | 4thArraOfDagon: what could have go wrong
  3073 | D:12     | 4thArraOfDagon: might, 3ligni
  3073 | D:12     | Turgon: other players waste 1 k by repeatedly pressing '5'
  3073 | D:12     | 4thArraOfDagon: teles etc
  3073 | D:12     | 4thArraOfDagon: thats not the point
  3073 | D:12     | 4thArraOfDagon: i wasted my time
  3073 | D:12     | 4thArraOfDagon: focus, determination etc
  3073 | D:12     | 4thArraOfDagon: turns, patience
  3073 | D:12     | 4thArraOfDagon: now i have to dive to depths
  3122 | D:13     | Turgon: and you have not been killed by the ice fiend
  3132 | D:13     | Noticed a hill giant
  3142 | D:13     | Killed a hill giant
  3155 | D:13     | Noticed an enchanted long sword
  3160 | D:13     | Killed an enchanted long sword
  3172 | D:13     | Noticed an enchanted long sword
  3198 | D:12     | 4thArraOfDagon: if you cant kill ice fiend
  3198 | D:12     | 4thArraOfDagon: with rn+++, rc+, hero and finesse
  3198 | D:12     | 4thArraOfDagon: then you are bad player
  3240 | D:12     | Turgon: ?? bad player
  3240 | D:12     | beem: bad player ~ badplayers ~ offline[1/1]: Doesn't count.
  3311 | D:14     | Noticed a centaur warrior
  3318 | D:14     | Killed a centaur warrior
  3352 | D:14     | Turgon: @? centaur
  3353 | D:14     | beem: centaur (c)
                  | Spd:
    15 | HD: 4    | HP: 18-25
                  | AC/EV: 3/7
                  | Dam: 10
                  | weapons, items, doors, archer
                  | Res: magic(20)
                  | XP:
   111 | Sz: Large | Int: human.
  3362 | D:14     | Noticed a tengu warrior
  3366 | D:14     | Turgon: @? centaur warrior
  3368 | D:14     | beem: centaur warrior (c)
                  | Spd:
    15 | HD: 10   | HP: 47-64
                  | AC/EV: 4/8
                  | Dam: 16
                  | weapons, items, doors, fighter, archer
                  | Res: magic(40)
                  | XP:
   924 | Sz: Large | Int: human.
  3378 | D:14     | Killed a tengu warrior
  3378 | D:14     | Received a gift from Okawaru
  3457 | D:14     | Found a labyrinth entrance.
  3463 | Lab      | Entered a labyrinth
  3485 | Lab      | Turgon: centaur is HD 4, CE warrior HD 10 (!)
  3529 | Lab      | Noticed a minotaur
  3534 | Lab      | Killed a minotaur
  3534 | Lab      | Reached skill level 14 in Unarmed Combat
  3542 | Lab      | Identified the Disquisition on Toxic Enhancements
  3546 | Lab      | Learned a level 2 spell: Swiftness
  3554 | Lab      | Got a faintly glowing turquoise ring
  3556 | Lab      | Identified the ring of Duotzeeh {rCorr Int+5 Dex+4} (You found it in a labyrinth)
  3575 | Lab      | Identified a +1 rod of clouds (13/13) (You found it in a labyrinth)
  3577 | Lab      | Turgon: rCorr, there is your ring-of-get-the-slimy-rune
  3626 | D:13     | Killed an enchanted long sword
  3648 | D:13     | Found a gate to the Vaults.
  3745 | D:14     | Noticed Louise
  3762 | D:14     | Killed Louise
  3762 | D:14     | Reached skill level 5 in Dodging
  3762 | D:14     | Reached XP level 12. HP: 72/109 MP: 9/17
  3783 | D:15     | Entered Level 15 of the Dungeon
  3819 | D:15     | Received a gift from Okawaru
  3889 | D:15     | Lost mutation: You are resistant to hostile enchantments. (MR+) [mutagenic meat]
  3895 | D:15     | Gained mutation: You heal very quickly. [mutagenic meat]
  3898 | D:15     | Gained mutation: Scrolls take you a little longer to read. [mutagenic meat]
  3923 | D:14     | Noticed a centaur warrior
  3932 | D:14     | Killed a centaur warrior
  3959 | D:14     | Reached skill level 5 in Fighting
  4041 | D:15     | Found a staircase to the Depths.
  4135 | D:15     | Reached skill level 15 in Unarmed Combat
  4203 | D:15     | Reached skill level 10 in Invocations
  4329 | Depths:1 | Entered Level 1 of the Depths
  4329 | Depths:1 | Noticed a white very ugly thing
  4329 | Depths:1 | Noticed a white very ugly thing
  4329 | Depths:1 | Noticed a stone giant
  4331 | Depths:1 | Noticed a white very ugly thing
  4338 | D:15     | Noticed a six-headed hydra
  4381 | D:14     | Noticed a centaur warrior
  4382 | D:14     | Noticed a tengu warrior
  4402 | D:14     | Killed a centaur warrior
  4402 | D:14     | Received a gift from Okawaru
  4408 | D:14     | Killed a tengu warrior
  4408 | D:14     | Reached XP level 13. HP: 109/120 MP: 12/19
  4426 | D:14     | Reached ****** piety under Okawaru
  4440 | D:14     | Gained mutation: Your spells are easier to cast, but less powerful. [mutagenic meat]
  4443 | D:14     | Gained mutation: You are partially covered in slimy green scales. (AC +2) [mutagenic meat]
  4452 | D:14     | Lost mutation: Your spells are easier to cast, but less powerful. [mutagenic meat]
  4509 | D:14     | jacquesderrida: hi
  4511 | D:14     | jacquesderrida: it me
  4547 | D:14     | Received a gift from Okawaru
  4555 | D:14     | Gained mutation: You are somewhat resistant to further mutation. [mutagenic meat]
  4563 | D:14     | jacquesderrida: wew
  4573 | D:14     | Gained mutation: You are partially covered in iridescent scales. (AC +2) [mutagenic meat]
  4586 | D:14     | Gained mutation: Scrolls take you longer to read. [mutagenic meat]
  4594 | D:14     | Gained mutation: Your flesh is cold resistant. (rC+) [mutagenic meat]
  4672 | D:13     | Noticed a tengu reaver
  4704 | D:13     | Killed a tengu reaver
  4704 | D:13     | Reached skill level 16 in Unarmed Combat
  4798 | D:13     | Noticed a storm dragon
  4799 | D:13     | Noticed a storm dragon
  4801 | D:13     | a storm dragon changed into an alligator snapping turtle
  4854 | D:13     | Noticed a golden dragon
  4862 | D:13     | Killed a storm dragon
  4863 | D:13     | Noticed an iron giant
  4863 | D:13     | a golden dragon changed into an iron giant
  4864 | D:13     | Noticed an iron dragon
  4864 | D:13     | an iron giant changed into an iron dragon
  4869 | D:13     | Noticed an iron giant
  4869 | D:13     | an iron dragon changed into an iron giant
  4873 | D:13     | Noticed an iron dragon
  4873 | D:13     | an iron giant changed into an iron dragon
  4879 | D:13     | Killed an iron dragon
  4916 | D:13     | Received a gift from Okawaru
  4988 | D:14     | Reached skill level 1 in Shields
  5088 | D:11     | HP: 5/184 [something (8)]
  5143 | D:11     | Found a staircase to the Lair.
  5355 | D:11     | Killed Fannar
  5392 | D:10     | Noticed Urug
  5409 | D:10     | Killed Urug
  5574 | D:11     | Found a staircase to the Orcish Mines.
  5585 | Orc:1    | Entered Level 1 of the Orcish Mines
  5587 | Orc:1    | Noticed Josephine
  5588 | Orc:2    | Entered Level 2 of the Orcish Mines
  5691 | Orc:2    | Found a staircase to the Elven Halls.
  5754 | Orc:2    | Reached XP level 14. HP: 133/133 MP: 21/21
  5768 | Orc:2    | Found Tostratrif's Magic Scroll Shoppe.
  5803 | Orc:2    | Found Ukkauk's Food Emporium.
  5947 | Orc:2    | Received a gift from Okawaru
  6039 | Orc:2    | Reached skill level 17 in Unarmed Combat
  6061 | Orc:2    | Received a gift from Okawaru
  6085 | Orc:2    | Got an ichor-stained robe {god gift}
  6095 | Orc:2    | Found Zaewosul's Book Shop.
  6095 | Orc:2    | Found a one-way gate leading to the halls of Pandemonium.
  6095 | Orc:2    | Found Cuolua Qiane's Antique Weapon Boutique.
  6099 | Orc:2    | Bought a book of Transfigurations for 825 gold pieces
  6106 | Orc:2    | Learned a level 6 spell: Statue Form
  6166 | Orc:2    | Reached skill level 5 in Shields
  6185 | Elf:1    | Entered Level 1 of the Elven Halls
  6202 | Elf:1    | Reached skill level 1 in Earth Magic
  6212 | Elf:1    | Reached skill level 1 in Transmutations
  6268 | Elf:1    | Identified the +3 robe of the Guardian {rPois rN+} (Okawaru gifted it to you on level 2 of the Orcish Mines)
  6546 | Elf:2    | Got a bound tin ring
  6548 | Elf:2    | Identified the cursed ring "Gousuiv" {rC+ Str+3 Int-2} (You found it on level 2 of the Elven Halls)
  6591 | Elf:3    | Entered Level 3 of the Elven Halls
  6624 | Elf:3    | Received a gift from Okawaru
  6625 | Elf:3    | Got a translucent storm dragon armour {god gift}
  6636 | Elf:3    | Identified the +7 storm dragon armour "Kicru" {rElec rPois rF+ Str-5 Dex+9} (Okawaru gifted it to you on level 3 of the Elven Halls)
  6777 | Elf:3    | Reached skill level 1 in Armour
  6819 | Elf:3    | Lost mutation: You are partially covered in iridescent scales. (AC +2) [potion of mutation]
  6854 | Elf:3    | Found a gateway to a bazaar.
  6961 | Elf:3    | Reached XP level 15. HP: 143/143 MP: 22/22
  7029 | Elf:3    | Noticed a deep elf sorcerer
  7043 | Elf:3    | Killed a deep elf sorcerer
  7065 | Elf:3    | jacquesderrida: dagan
  7065 | Elf:3    | Noticed a deep elf sorcerer
  7084 | Elf:3    | jacquesderrida: weeeeeeeeeew
  7104 | Elf:3    | Noticed a deep elf master archer
  7112 | Elf:3    | Noticed a deep elf blademaster
  7122 | Elf:3    | Killed a deep elf blademaster
  7122 | Elf:3    | Received a gift from Okawaru
  7123 | Elf:3    | Got a steaming robe {god gift}
  7183 | Elf:3    | Noticed a Tzitzimitl
  7188 | Elf:3    | Cast into level 2 of the Abyss (a deep elf sorcerer)
  7191 | Abyss:2  | ty
  7193 | Abyss:2  | jacquesderrida: weeeew
  7211 | Abyss:2  | jacquesderrida: bad smh
  7279 | Abyss:2  | Turgon: A statue ON the exit, first time I see it
  7282 | Elf:3    | Escaped the Abyss
  7286 | Elf:3    | Killed a deep elf sorcerer
  7322 | Elf:3    | Noticed a deep elf blademaster
  7342 | Elf:3    | Killed a deep elf blademaster
  7342 | Elf:3    | Reached skill level 5 in Armour
  7356 | Elf:3    | Noticed a deep elf master archer
  7361 | Elf:3    | Turgon: OUCH / +7 storm DA!
  7383 | Elf:3    | Turgon: from your boss?
  7383 | Elf:3    | Killed a deep elf master archer
  7384 | Elf:3    | jacquesderrida: berserked
  7401 | Elf:3    | jacquesderrida: my mfw face when angry archer
  7422 | Elf:3    | jacquesderrida: waw
  7424 | Elf:3    | Learned a level 1 spell: Apportation
  7431 | Elf:3    | jacquesderrida: Time to win this puppy
  7482 | Elf:3    | Killed a deep elf master archer
  7482 | Elf:3    | Received a gift from Okawaru
  7492 | Elf:3    | Got a fine iron ring
  7495 | Elf:3    | jacquesderrida: another robe
  7495 | Elf:3    | jacquesderrida: thank
  7497 | Elf:3    | Got a vibrating lead amulet
  7591 | Bazaar   | Entered a bazaar
  7605 | Bazaar   | Found Vevveic's Book Shoppe.
  7620 | Bazaar   | Found Raotod's Armour Shoppe.
  7635 | Bazaar   | Found Zoweer's Jewellery Shoppe.
  7635 | Bazaar   | Found Yleghal's Assorted Antiques.
  7645 | Bazaar   | Bought a bubbling white potion for 29 gold pieces
  7645 | Bazaar   | Bought an inky potion for 29 gold pieces
  7673 | Elf:3    | 4thArraOfDagon: no
  7673 | Elf:3    | 4thArraOfDagon: np
  7825 | Elf:1    | Reached skill level 10 in Shields
  7842 | Elf:1    | Gained mutation: You have a pair of small antennae on your head. [mutagenic meat]
  7916 | Orc:1    | Noticed an orc warlord
  7965 | Lair:1   | Entered Level 1 of the Lair of Beasts
  7973 | Lair:1   | jacquesderrida: strongest trell
  7987 | Lair:1   | jacquesderrida: wew
  8049 | Lair:2   | Found a staircase to the Snake Pit.
  8066 | Snake:1  | Entered Level 1 of the Snake Pit
  8113 | Snake:1  | Identified the ring of Rocherph {Ice MR+ Str+3} (You took it off a deep elf master archer on level 3 of the Elven Halls)
  8506 | Snake:4  | Entered Level 4 of the Snake Pit
  8539 | Snake:4  | Received a gift from Okawaru
  8539 | Snake:4  | Reached XP level 16. HP: 150/150 MP: 19/23
  9105 | Snake:4  | Found Qaoschesh's Jewellery Emporium.
  9123 | Snake:4  | Bought the ring "Wueddaunn" {rF++ MP-9 Str+4 Dex+3} for 777 gold pieces
  9559 | Snake:4  | Received a gift from Okawaru
  9604 | Snake:4  | Got a serpentine rune of Zot
  9811 | Snake:3  | Received a gift from Okawaru
  9894 | Snake:3  | Reached skill level 10 in Armour
  9900 | Snake:3  | Reached XP level 17. HP: 145/158 MP: 2/24
 10048 | Lair:2   | Identified the amulet "Qienweh" {Harm *Drain rF+} (You took it off a deep elf annihilator on level 3 of the Elven Halls)
 10155 | Lair:2   | Found a staircase to the Shoals.
 10194 | Shoals:1 | Entered Level 1 of the Shoals
 10278 | Shoals:2 | Noticed Nikola
 10325 | Shoals:2 | Received a gift from Okawaru
 10375 | Shoals:1 | Noticed Donald
 10404 | Shoals:1 | Killed Donald
 10516 | Shoals:2 | Noticed Polyphemus
 10559 | Shoals:2 | Killed Polyphemus
 10568 | Shoals:2 | Received a gift from Okawaru
 10798 | Shoals:3 | Noticed a kraken
 10803 | Shoals:4 | Entered Level 4 of the Shoals
 10810 | Shoals:4 | Noticed Ilsuiw
 10851 | Shoals:4 | Killed Ilsuiw
 10908 | Shoals:4 | Received a gift from Okawaru
 11192 | Shoals:4 | Turgon: ?? engulf
 11196 | Shoals:4 | beem: water elemental[1/2]: Hits somewhat hard, but is vulnerable to fire and normal speed on land. Inflicts the "Engulf" status, which deals damage, prevents using spells and scrolls and can be 100% reliably escaped by moving away from the elemental.
 11263 | Shoals:4 | Turgon: ?? engulf [2
 11263 | Shoals:4 | beem: water elemental[2/2]: If you are engulfed and manage to blink from one square to another square adjacent to the same water elemental, you will remain engulfed.
 11527 | Shoals:4 | Received a gift from Okawaru
 11529 | Shoals:4 | Got a barnacled rune of Zot
 11560 | Shoals:4 | Reached XP level 18. HP: 140/166 MP: 13/25
 12214 | Lair:6   | Entered Level 6 of the Lair of Beasts
 12383 | Lair:6   | Found a runed door.
 12383 | Lair:6   | Found a viscous altar of Jiyva.
 12383 | Lair:6   | Found a staircase to the Slime Pits.
 12398 | Slime:1  | Entered Level 1 of the Pits of Slime
 12444 | Slime:1  | Received a gift from Okawaru
 12670 | Slime:2  | Gained mutation: Your spells are easier to cast, but less powerful. [a shining eye]
 12690 | Slime:2  | Received a gift from Okawaru
 12801 | Slime:4  | Reached skill level 18 in Unarmed Combat
 12832 | Slime:5  | Entered Level 5 of the Pits of Slime
 12926 | Slime:5  | Found a viscous altar of Jiyva.
 12931 | Slime:5  | Noticed the Royal Jelly
 12974 | Slime:5  | Received a gift from Okawaru
 12985 | Slime:5  | Killed the Royal Jelly
 12985 | Slime:5  | Was placed under penance by Okawaru
 13013 | Slime:5  | Got a transparent cloak {god gift}
 13024 | Slime:5  | Identified the +0 cloak of Waguuck {+Blink rF- Dex+4 Stlth+} (Okawaru gifted it to you on level 5 of the Pits of Slime)
 13056 | Slime:5  | Was forgiven by Okawaru
 13154 | Slime:5  | Got a slimy rune of Zot
 13159 | Slime:5  | Learned a level 2 spell: Blink
 13162 | Slime:5  | Learned a level 2 spell: Repel Missiles
 13171 | Slime:5  | Learned a level 3 spell: Regeneration
 13248 | Slime:5  | Got a spiked cloak
 13251 | Slime:5  | Identified the +4 cloak "Oleud Ash" {-Tele Dex+6} (You found it on level 5 of the Pits of Slime)
 13253 | Slime:5  | Identified the Papyrus of Boosting Flight
 13300 | Slime:5  | Identified the Compendium of Sinister Confrontation
 13680 | Vaults:1 | Entered Level 1 of the Vaults
 13711 | Vaults:1 | Reached skill level 19 in Unarmed Combat
 13711 | Vaults:1 | Reached skill level 1 in Necromancy
 13711 | Vaults:1 | Reached XP level 19. HP: 174/179 MP: 15/26
 13781 | Vaults:1 | Reached skill level 1 in Charms
 13946 | Vaults:1 | Identified a scroll of acquirement
 13948 | Vaults:1 | Identified the amulet "Duluser" {RegenMP rF+ Str+2 Dex+2} (You acquired it on level 1 of the Vaults)
 14663 | Vaults:4 | Noticed Boris
 14684 | Vaults:4 | Killed Boris
 14752 | Vaults:5 | Entered Level 5 of the Vaults
 14915 | Vaults:5 | Reached skill level 10 in Fighting
 15042 | Vaults:5 | Received a gift from Okawaru
 15074 | Vaults:5 | Noticed a golden dragon
 15098 | Vaults:5 | Reached skill level 5 in Necromancy
 15106 | Vaults:5 | Killed a golden dragon
 15113 | Vaults:5 | Reached XP level 20. HP: 156/191 MP: 12/27
 15197 | Vaults:5 | Got a silver rune of Zot
 15216 | Vaults:5 | Noticed a golden dragon
 15233 | Vaults:5 | Killed a golden dragon
 15316 | Vaults:5 | Received a gift from Okawaru
 15387 | Vaults:5 | Reached skill level 5 in Charms
 15389 | Vaults:5 | Got a faintly glowing garnet amulet
 15447 | Vaults:5 | Lost mutation: Scrolls take you longer to read. [mutagenic meat]
 15477 | Vaults:5 | Reached skill level 20 in Unarmed Combat
 15604 | Vaults:5 | Identified the amulet "Iqirriqerph" {Gourm MR++ Int+3} (You took it off an ironbrand convoker on level 5 of the Vaults)
 16017 | Vaults:5 | Received a gift from Okawaru
 16021 | Vaults:5 | Reached XP level 21. HP: 87/201 MP: 11/28
 16116 | Vaults:5 | Received a gift from Okawaru
 16193 | Vaults:5 | Reached skill level 5 in Spellcasting
 16393 | Vaults:3 | Reached skill level 5 in Earth Magic
 16401 | Vaults:3 | Found a staircase to the Crypt.
 16413 | Crypt:1  | Entered Level 1 of the Crypt
 16461 | Crypt:3  | Entered Level 3 of the Crypt
 16674 | Crypt:3  | Reached skill level 5 in Transmutations
 17006 | Crypt:3  | Noticed an ancient lich
 17027 | Crypt:3  | Killed an ancient lich
 17071 | Crypt:3  | Got a pitted copper ring
 17073 | Crypt:3  | Identified the ring "Mamed" {rN+ MR+} (You found it on level 3 of the Crypt)
 17076 | Crypt:3  | Got a warped brass ring
 17077 | Crypt:3  | Identified the ring of Hyfan {rPois rF- rN+ SInv Stlth+} (You found it on level 3 of the Crypt)
 17081 | Crypt:3  | Identified the Tome of Supportive Evil
 17319 | Crypt:3  | Noticed Xtahua
 17342 | Crypt:3  | Killed Xtahua
 17342 | Crypt:3  | Received a gift from Okawaru
 17372 | Crypt:3  | Got a fine robe {god gift}
 17378 | Crypt:3  | Identified the +1 robe of the Old World {Dex+4} (Okawaru gifted it to you on level 3 of the Crypt)
 17493 | Crypt:3  | LOL
 17633 | Crypt:3  | Found a staircase to the Tomb.
 17644 | Tomb:1   | Entered Level 1 of the Tomb of the Ancients
 17819 | Tomb:1   | Reached XP level 22. HP: 84/210 MP: 7/30
 17834 | Tomb:1   | Noticed a greater mummy
 17837 | Tomb:1   | Noticed a greater mummy
 17841 | Tomb:1   | Noticed Khufu
 17861 | Tomb:1   | Killed a greater mummy
 17907 | Tomb:1   | Killed a greater mummy
 17918 | Tomb:1   | Killed Khufu
 17927 | Tomb:1   | Noticed a greater mummy
 17933 | Tomb:1   | Killed a greater mummy
 18055 | Tomb:1   | Noticed a greater mummy
 18063 | Tomb:1   | Killed a greater mummy
 18070 | Tomb:1   | Received a gift from Okawaru
 18081 | Tomb:1   | Reached skill level 10 in Earth Magic
 18395 | Tomb:2   | Noticed a greater mummy
 18395 | Tomb:2   | Noticed a greater mummy
 18396 | Tomb:2   | Noticed a greater mummy
 18397 | Tomb:2   | Noticed a greater mummy
 18642 | Tomb:1   | HP: 7/273 [bennu (8)]
 18643 | Tomb:1   | Slain by a death scarab

Vault maps used:
D:1:      enne_arrival_octagon_isle
D:2:      wad_lake_hut, minmay_split_cup_large
D:3:      okawaru_metal_pillars_1_2, gup_sewer_entry_bowl, first_bread,
          grunt_decor_one_mirror, uniq_jessica, uniq_crazy_yiuf_cottage,
          uniq_robin, uniq_terence, uniq_natasha
D:4:      serial_shops, shop, kennysheep_generic_room_15, uniq_sigmund
D:5:      small_statue_alley_b, uniq_pikel
D:6:      led_sif_pool, uniq_eustachio, uniq_menkaure
D:7:      grunt_ogre_cave
D:8:      uniq_erica
D:9:      grunt_ministairs_12
D:10:     uniq_sonja, uniq_urug, uniq_harold
D:11:     minmay_lair_entry_grove, hiddenorc2_lemuel, uniq_fannar
D:12:     basic_altar, serial_ice, serial_ice_c, serial_ice_l, serial_ice_o,
          serial_ice_b, serial_ice_g, serial_ice_m,
          portal_ice_cave_demonic_guard, grunt_ministairs_10
D:13:     erik_vaults_1, minmay_diamond_spiral
D:14:     nicolae_ru_the_path_less_chosen, lab_entry_generic,
          kennysheep_pointless_box, minmay_misc_feat_doors, uniq_agnes,
          uniq_louise
D:15:     gammafunk_depths_entry_grave, hive_lemuel
Lair:1:   grunt_megastairs_5
Lair:2:   minmay_shoals_entry_centaurs, guppyfry_snake_entry_garden
Lair:3:   nicolae_quartered_pool_super
Lair:4:   pf_torpor_hydra
Lair:5:   serial_bayou_shore_b, serial_bayou_shore_b, infiniplex_staircase_pool
Lair:6:   wormcave, guppyfry_lair_end_dragon, slime_altar_2
Shoals:1: st_cyclops, uniq_donald
Shoals:2: uniq_nikola, uniq_polyphemus
Shoals:4: shoals_end_grunt_ice, shoal_ilsuiw
Snake:1:  st_stairs_10
Snake:2:  serial_shops, shop
Snake:3:  uniq_kirke
Snake:4:  snake_pit, serial_shops, shop
Orc:1:    uniq_josephine
Orc:2:    pf_orc_diabolical, nicolae_orc_lost_temple
Elf:1:    minmay_elf_arrival_plus, evilmike_minifort, minmay_shop_star
Elf:2:    basic_altar, uniq_asterion
Elf:3:    elf_hall_gauntlet_wide, serial_shops, bzr_entry_gold, stair_cage_line
Vaults:1: ontoclasm_vaults_spin, ontoclasm_vaults_misaligned,
          nicolae_vaults_border_crossing, vaults_mumra_minichess,
          vaults_room_door_hall, v_misc_3, st_spiral_rooms,
          nicolae_vaults_specimen_jars, nicolae_trove_entry_crystal
Vaults:2: nicolae_vaults_network_star, dpeg_vaults_monster_row,
          nicolae_vaults_big_angled_halls, vaults_room_grid,
          ontoclasm_vaults_gateway, v_misc_10, nicolae_vaults_network_quincunx,
          v_alt_pattern_2, nicolae_vaults_hallways_thing, v_misc_8,
          vaults_room_hangedman_quadrants,
          nicolae_vaults_windows_and_doors_thing, grunt_vaults_focal,
          vaults_room_semicircle, vaults_room_stairs_pillars
Vaults:3: ontoclasm_vaults_misaligned, minmay_crypt_entry_simple_plaza,
          vaults_room_fancy_cross, nicolae_vaults_network_square, v_pattern_1
Vaults:4: nicolae_vaults_puzzle_piece, v_rooms_6, vaults_room_stairs_pillars,
          v_misc_8, nicolae_vaults_circle_grid_a, v_misc_4,
          vaults_room_door_hall, vaults_room_pools, ontoclasm_vaults_chip,
          hangedman_vaults_slice, uniq_boris
Crypt:3:  due_elkab, nicolae_tomb_entry_grand_gallery, eino_tiny_chamber,
          uniq_sojobo, uniq_xtahua
Tomb:1:   uniq_khufu
Tomb:2:   uniq_jorgrun, uniq_mara
Depths:1: minmay_gate_of_8, hell_entry, minmay_misc_feat_room,
          evilmike_spriggan_trog_shrine, serial_bayou_shore_b,
          roderic_lattice_octagonal_star, serial_bayou_shore_a, firewood_loft
Lab:      labyrinth_hidden_loot
Bazaar:   bazaar_short_row

Skill      XL: |  1  2  3  4  5  6  7  8  9 10 11 12 13 14 15 16 17 18 19 20 21 22 |
---------------+-------------------------------------------------------------------+-----
Unarmed Combat | 1 2 3 4 5 6 8 9 11 13 14 15 16 17 19 20 | 20.3
Invocations    | 1 2 4 5 7 8 9 10 11 | 11.3
Dodging        | 3 5 6 7 |  7.1
Fighting       | 2 4 6 7 9 10 11 | 11.0
Shields        | 2 6 12 14 | 14.0
Earth Magic    | 2 3 8 10 | 10.3
Transmutations | 2 3 7 8 |  8.7
Armour         | 2 5 10 13 14 | 14.0
Spellcasting   | 2 3 4 6 |  6.8
Necromancy     | 1 5 7 |  7.5
Charms         | 4 6 |  6.1
Stealth        | |  1.1
Conjurations   | |  0.6
Ice Magic      | |  2.1

Action                   |  1- 3 |  4- 6 |  7- 9 | 10-12 | 13-15 | 16-18 | 19-21 | 22-24 || total
-------------------------+-------+-------+-------+-------+-------+-------+-------+-------++-------
Melee: Unarmed           |    59 |    94 |   228 |   395 |  1102 |  1921 |  1848 |   218 ||  5865
       Punch             |       |     3 |     9 |    45 |    20 |       |       |       ||    77
Throw: Throwing net      |       |       |       |     2 |     1 |       |       |       ||     3
       Large rock        |       |       |       |     3 |     4 |       |     1 |       ||     8
 Cast: Regeneration      |       |       |       |       |       |       |     8 |    19 ||    27
       Statue Form       |       |       |       |       |       |       |       |     8 ||     8
Invok: Heroism           |       |     1 |    12 |    27 |    39 |    38 |    43 |     7 ||   167
       Finesse           |       |       |       |     4 |    17 |    20 |    10 |     2 ||    53
Evoke: Wand              |       |       |       |       |       |     9 |       |     3 ||    12
       Box of beasts     |       |       |       |       |       |     3 |       |       ||     3
       Phantom mirror    |       |       |       |       |       |     1 |       |       ||     1
  Use: Potion            |     1 |     1 |     2 |     2 |     7 |     4 |     1 |     5 ||    23
       Scroll            |       |       |     5 |    12 |    10 |    16 |    15 |     4 ||    62
 Stab: Sleeping          |     2 |     1 |     2 |       |     1 |       |     4 |       ||    10
       Held in net/web   |       |       |       |     2 |     1 |       |       |       ||     3
       Distracted        |       |       |       |       |     1 |     1 |       |       ||     2
  Eat: Chunk             |     7 |     6 |    11 |    26 |    62 |    39 |    30 |     7 ||   188
       Beef jerky        |       |       |       |       |     1 |       |     1 |       ||     2
       Bread ration      |       |       |       |       |       |     1 |     1 |     1 ||     3
       Fruit             |       |       |       |       |       |       |     3 |       ||     3
Armor: Robe              |    16 |    20 |    50 |    34 |     8 |       |    14 |     7 ||   149
       Troll hide        |       |       |       |    37 |    67 |       |       |       ||   104
       Skin              |       |       |       |    10 |    45 |       |       |    93 ||   148
       Troll leather arm |       |       |       |       |    26 |       |       |       ||    26
       Storm dragon armo |       |       |       |       |   145 |   536 |   381 |       ||  1062
Dodge: Dodged            |    38 |    41 |    83 |   181 |   313 |   574 |   468 |   167 ||  1865
Block: Other             |       |       |    22 |    40 |       |       |       |       ||    62
       Reflection        |       |       |     1 |     1 |       |       |       |       ||     2
       Shield            |       |       |       |       |   429 |  1220 |  1020 |   241 ||  2910
